 Dungeon Crawl Stone Soup version 0.30-a0-777-ga9a30cbeda (console) character file.

Game seed: 12474756138423138270

49 rlgrobin the Covered (level 3, 0/48 HPs)
             Began as an Armataur Fighter on Feb 15, 2023.
             Slain by an orc
             ... wielding a +0 trident
              (6 damage)
             ... on level 3 of the Dungeon.
             The game lasted 00:02:46 (470 turns).

rlgrobin the Covered (Armataur Fighter)              Turns: 470, Time: 00:02:46

Health: 0/48       AC: 21    Str: 21    XL:     3   Next: 53%
Magic:  3/3        EV:  1    Int:  8    God:
Gold:   24         SH:  4    Dex: 11    Spells: 2/2 levels left

rFire   . . .      SeeInvis .    (no weapon)
rCold   . . .      Faith    .    c - +0 buckler
rNeg    . . .      Spirit   .    (body armour currently unavailable)
rPois   +          Reflect  .    (helmet currently unavailable)
rElec   .          Harm     .    (cloak currently unavailable)
rCorr   .          Roll     +    (gloves currently unavailable)
Will    .....      NoTele   +    (no barding)
Stlth   +                        (no amulet)
HPRegen 0.28/turn                (no ring)
MPRegen 0.08/turn                (no ring)

@: tree-form
A: stationary, stasis, torment immunity, boosted hp, large, rugged brown scales
3, (deformed body), (armoured tail), roll, long tongue, awkward tongue
a: no special abilities


You were on level 3 of the Dungeon.
You were a tree.
You visited 1 branch of the dungeon, and saw 3 of its levels.

You collected 24 gold pieces.

Inventory:

Hand Weapons
 a - a +0 flail
Armour
 b - a +0 scale mail
 c - a +0 buckler (worn)
 k - the +1 leather armour "Xauniq" (melded) {rPois Will++}
   (You found it on level 3 of the Dungeon)

   rPois:     It protects you from poison.
   Will:      It greatly increases your willpower.
Scrolls
 e - a scroll of fog {unknown}
 h - a scroll of teleportation {unknown}
 i - a scroll of identify {unknown}
Potions
 d - a potion of might
 f - a potion of lignification
 g - a potion of flight


   Skills:
 - Level 2.6 Fighting
 + Level 3.6 Maces & Flails
 - Level 3.6 Armour
 - Level 3.2 Shields


You had 2 spell levels left.
You didn't know any spells.
Your spell library was empty.

Dungeon Overview and Level Annotations

Branches:
Dungeon (3/15)

Altars:


Innate Abilities, Weirdness & Mutations

You are a tree.
Your roots penetrate the ground, keeping you stationary.
You cannot be teleported.
You are immune to unholy pain and torment.
Your maximum health is greatly increased.
Your equipment is partially melded.
(You are completely covered in rugged brown scales. (AC +3, +7% HP))
((Armour fits poorly on your strangely shaped body.))
((You have a long armoured tail.))
You roll when moving toward enemies. (Rampage)
Your long tongue fully drains potion bottles. (2x potion effects)
Your tongue gives you trouble enunciating. (1.5x scroll delay)


Message History

The orc priest is moderately wounded.
The orc priest invokes the aid of Beogh against you.
Beogh smites you! The orc hits you but does no damage.
The orc priest hits you with a +1 falchion of holy wrath.
The orc hits you from afar with a +0 trident.
You barely miss the orc priest.
The orc priest is moderately wounded.
The orc priest hits you but does no damage.
The orc hits you from afar with a +0 trident.
You closely miss the orc priest.
The orc priest is moderately wounded.
The orc priest looks braver for a moment.
The orc hits you but does no damage.
You thump the orc priest!
The orc priest is severely wounded.
The orc priest hits you but does no damage.
The orc hits you but does no damage.
You closely miss the orc priest.
The orc priest is severely wounded.
The orc priest hits you with a +1 falchion of holy wrath.
The orc hits you but does no damage.
You are now empty-handed.
The orc priest hits you but does no damage.
The orc hits you but does no damage.
You hit the orc priest.
The orc priest is severely wounded.
The orc priest mumbles some strange prayers to Beogh against you.
Beogh smites you!
* * * LOW HITPOINT WARNING * * *
The orc hits you but does no damage.
You hit the orc priest but do no damage.
The orc priest is severely wounded.
The orc priest hits you with a +1 falchion of holy wrath!
* * * LOW HITPOINT WARNING * * *
The orc hits you but does no damage.
You barely miss the orc priest.
The orc priest is severely wounded.
The orc priest hits you but does no damage.
The orc hits you from afar with a +0 trident.
You die...

...## ....
....############ #o..
##....##....... o.#
####....###.#####o.#
#..........#...###...
#..##.^.............#
#...######.............#
...#######.....########..
.## #.........oo♣.....#
..###...#.#######..#
##...#.# .# ######..###.#
#......## #.#
#....######.#
#....###....#
#........#### #.....####


You could see an orc priest and an orc.

Vanquished Creatures
  2 adders
  A dart slug (D:1)
  4 bats
  3 endoplasms
  3 giant cockroaches
  2 hobgoblins (D:2)
  4 quokkas
  4 frilled lizards (D:2)
  2 goblins
  2 rats
27 creatures vanquished.

Notes
Turn   | Place    | Note
-------+----------+-------------------------------------------
     0 | D:1      | rlgrobin the Armataur Fighter began the quest for the Orb.
     0 | D:1      | Reached XP level 1. HP: 19/19 MP: 1/1
   109 | D:1      | Reached XP level 2. HP: 26/26 MP: 2/2
   228 | D:2      | Reached XP level 3. HP: 7/32 MP: 3/3
   376 | D:3      | Identified the +1 leather armour "Xauniq" {rPois Will++}
   450 | D:3      | HP: 1/48 [orc/+0 trident (4)]
   470 | D:3      | Slain by an orc

Illustrated notes

Levels and vault maps discovered:
D:1:      ncdulo_smallfort, layout_basic
D:2:      layout_rooms, minmay_tall_x
D:3:      layout_rooms, uniq_crazy_yiuf_cottage, uniq_ijyb, uniq_terence

Skill      XL: |  1  2 |
---------------+-------+-----
Maces & Flails | 2 3 |  3.6
Fighting       | |  2.6
Armour         | |  3.6
Shields        | |  3.2

Action                     || total
---------------------------++-------
  Melee: Flail             ||    84
         Tailslap          ||    10
         Unarmed           ||     3
    Use: Potion            ||     3
 Armour: Scale mail        ||    58
         Skin              ||    29
         Leather armour    ||     1
  Dodge: Dodged            ||    42
  Block: Buckler           ||    20

Table legend: (Time is in decaauts)
 A = Elapsed time spent in this place.
 B = Non-inter-level travel time spent in this place.
 C = Inter-level travel time spent in this place.
 D = Time resting spent in this place.
 E = Time spent auto-exploring this place.
 F = Levels seen in this place.
 G = Mean time per level.
                   A        B        C        D        E       F      G
               +--------+--------+--------+--------+--------+-----+--------+
         Total |    493 |    493 |      0 |      0 |      0 |   3 |  164.3 |
       Dungeon |    493 |    493 |      0 |      0 |      0 |   3 |  164.3 |
               +--------+--------+--------+--------+--------+-----+--------+

Top non-repeatable levels by time:
     D:2: 227 daAuts
     D:1: 149 daAuts
     D:3: 116 daAuts
